 Dungeon Crawl Stone Soup version 0.26-a0-259-g1effd001a9 (webtiles) character file.

Game seed: 8599956325494473767

44 drasked the Firebug (level 3, 0/19 HPs)
             Began as a Deep Elf Fire Elementalist on July 14, 2020.
             Slain by a hound (3 damage)
             ... on level 2 of the Dungeon.
             The game lasted 00:02:06 (1486 turns).

drasked the Firebug (Deep Elf Fire Elementalist)    Turns: 1486, Time: 00:02:07

Health: 0/19       AC:  5    Str:  5    XL:     3   Next: 39%
Magic:  5/9        EV: 13    Int: 20    God:
Gold:   67         SH:  0    Dex: 15    Spells: 7/8 levels left

rFire    . . .     SeeInvis .   d - +0 dagger
rCold    . . .     Faith    .   (no shield)
rNeg     . . .     Spirit   .   a - +0 robe
rPois    .         Reflect  .   (no helmet)
rElec    .         Harm     .   k - +2 cloak
rCorr    .                      (no gloves)
MR       .....                  (no boots)
Stlth    ++........             (no amulet)
HPRegen  0.06/turn              (no ring)
MPRegen  0.11/turn              (no ring)

@: no status effects
A: no striking features
a: no special abilities


You were on level 2 of the Dungeon.
You were not hungry.

You visited 1 branch of the dungeon, and saw 2 of its levels.

You collected 67 gold pieces.

Inventory:

Hand Weapons
 d - a +0 dagger (weapon)
   (You took it off a goblin on level 1 of the Dungeon)
Missiles
 h - 16 poisoned darts (quivered)
Armour
 a - a +0 robe (worn)
 k - a +2 cloak (worn)
   (You found it on level 1 of the Dungeon)
Scrolls
 c - 2 scrolls of teleportation {unknown}
 i - 2 scrolls of identify {unknown}
 j - a scroll of fear {unknown}
 l - a scroll of magic mapping {unknown}
 m - a scroll of remove curse {unknown}
Potions
 b - a potion of curing {unknown}
 f - a potion of brilliance {unknown}
 g - 2 potions of stabbing {unknown}
Comestibles
 e - 5 rations


   Skills:
 - Level 2.4 Dodging
 - Level 2.4 Stealth
 - Level 3.0 Spellcasting
 + Level 2.6 Conjurations
 + Level 4.2 Fire Magic


You had 7 spell levels left.
You knew the following spells:

 Your Spells              Type           Power        Failure   Level
a - Foxfire               Conj/Fire      ###.         3%          1

Your spell library contained the following spells:

 Spells                   Type           Power        Failure   Level
 Conjure Flame            Conj/Fire      ###.....     11%         3
 Inner Flame              Hex/Fire       ##......     19%         3
 Sticky Flame             Conj/Fire      ###.....     34%         4
 Fireball                 Conj/Fire      ###.......   67%         5


Dungeon Overview and Level Annotations

Branches:
Dungeon (2/15)

Altars:
Makhleb
Trog


Message History

The foxfire hits the giant cockroach.
The giant cockroach bites you but does no damage.
You conjure some foxfire!
* * * LOW MAGIC WARNING * * *
The giant cockroach misses you.
The foxfire hits the giant cockroach.
You kill the giant cockroach!
You conjure some foxfire!
* * * LOW MAGIC WARNING * * *
You start resting.
Your magical contamination has completely faded away.
Unknown command.
You start resting.
You eat one of the 6 rations.
That ration really hit the spot!
You start resting.
You open the door.
There is an open door here.
Done exploring.
Done exploring.
Done exploring.
Done exploring.
Done exploring.
Done exploring.
There is an open door here.
There is a stone staircase leading down here.
You climb downwards.
A bat comes into view.
There is a stone staircase leading up here.
You conjure some foxfire!
The foxfire hits the bat.
You kill the bat!
You start resting.
A kobold comes into view. It is wielding a +0 club.
The kobold moves out of view.
The kobold is too close now for your liking.
You conjure some foxfire!
The foxfire hits the kobold.
You kill the kobold!
You start resting.
Things that are here:
a +0 club; a kobold corpse A rat comes into view.
You conjure some foxfire!
The foxfire hits the rat!
You kill the rat!
You start resting.
c - 2 scrolls labeled JEVVAY FUME (gained 1)
You see here a rat corpse.
Found a stone staircase leading up.
A goblin comes into view. It is wielding a +0 club.
A goblin is nearby!
You conjure some foxfire!
The foxfire hits the goblin.
The foxfire hits the goblin!
You kill the goblin!
You start resting.
A bat comes into view.
A bat is nearby!
You conjure some foxfire!
The foxfire hits the bat.
You kill the bat!
You start resting.
A bat and a hobgoblin come into view.
You conjure some foxfire!
The foxfire hits the hobgoblin.
The foxfire hits the bat.
You kill the bat!
You conjure some foxfire!
The foxfire hits the hobgoblin. x2
You kill the hobgoblin!
You start resting.
Found a bloodstained altar of Trog.
A quokka comes into view.
You conjure some foxfire!
The foxfire hits the quokka.
The foxfire hits the quokka!
You kill the quokka!
You start resting.
Found a stone staircase leading down.
You now have 67 gold pieces (gained 16).
Found a stone staircase leading down.
A hound comes into view.
Found a whip.
Found a burning altar of Makhleb.
Unknown command.
A hound is nearby!
A hound is nearby!
You conjure some foxfire!
The foxfire hits the hound but does no damage.
The hound barks!
You hear a shout!
A goblin comes into view.
You conjure some foxfire!
The foxfire hits the hound. x2; The hound barely misses you.
You conjure some foxfire!
The hound bites you. The hound bites you but does no damage.
The foxfire hits the hound. x2; The hound bites you.
You conjure some foxfire!
The hound bites you.
* * * LOW HITPOINT WARNING * * *
The hound bites you.
* * * LOW HITPOINT WARNING * * *
The foxfire hits the hound.
The hound bites you but does no damage.
The foxfire hits the hound.
You conjure some foxfire!
The hound bites you.
You die...

###### #....## #..#..###
.#. ##...>..# ).#.
###.##.#
...###########....###
#.....#.......##...###
#..#..§§v....##.#...##
#g##.###.@v........##..#
#.(...##h##...###...##.###
#>..g####.###.........
#....#.### #..###.####.##
#.... #.# ##.# #.##.....
#.._ #.# #.# #.#...... ###
#.. #.###[#...... ##. .##
#..##....._.. #### #
.†.###.##.#......


You could see a hound and a goblin.

Levels and vault maps discovered:
D:1:      nicolae_arrival_somewhat_less_tricky_arrival, layout_loops_ring
D:2:      layout_rooms, nemelex_xobeh_ov_fountains_minmay, old_standard_altar,
          makhleb_heckhound_becter, zin_scriptorium

Notes
Turn   | Place    | Note
-------+----------+-------------------------------------------
     0 | D:1      | drasked the Deep Elf Fire Elementalist began the quest for
                  | the Orb.
     0 | D:1      | Reached XP level 1. HP: 10/10 MP: 6/6
    97 | D:1      | Identified a +0 dagger
   146 | D:1      | Identified a +0 club
   187 | D:1      | Reached XP level 2. HP: 15/15 MP: 4/8
   279 | D:1      | Identified a +0 club
   431 | D:1      | Identified a +0 dagger
   434 | D:1      | Reached skill level 2 in Conjurations
   519 | D:1      | Identified a +0 club
   526 | D:1      | Identified a +0 club
   566 | D:1      | Identified a +0 dagger
   696 | D:1      | Identified a +0 club
   699 | D:1      | Reached skill level 4 in Fire Magic
   757 | D:1      | Reached XP level 3. HP: 19/19 MP: 6/9
  1077 | D:1      | Identified a +2 cloak (You found it on level 1 of the
                  | Dungeon)
  1317 | D:2      | Identified a +0 club
  1382 | D:2      | Identified a +0 club
  1425 | D:2      | Found a bloodstained altar of Trog.
  1474 | D:2      | Found a burning altar of Makhleb.
  1484 | D:2      | HP: 3/19 [hound (6)]
  1486 | D:2      | Slain by a hound

Table legend:
 A = Turns spent in this place as a percentage of turns spent in the entire game.
 B = Non-inter-level travel turns spent in this place as a percentage of non-inter-level travel turns spent in the entire game.
 C = Inter-level travel turns spent in this place as a percentage of turns spent in this place.
 D = Turns resting spent in this place as a percentage of non-inter-level travel turns spent in this place.
 E = Turns spent auto-exploring this place as a percentage of non-inter-level travel turns spent in this place.
 F = Non-inter-level travel turns spent in this place divided by the number of levels of this place that you've seen.
                   A       B       C       D       E      F
               +-------+-------+-------+-------+-------+----------------------
         Total | 100.0 | 100.0 |   1.1 |  40.3 |  41.8 | 735.0
       Dungeon | 100.0 | 100.0 |   1.1 |  40.3 |  41.8 | 735.0
               +-------+-------+-------+-------+-------+----------------------

Table legend:
 A = Kills in this place as a percentage of kills in entire the game.
 B = Kills by you in this place as a percentage of kills by you in the entire game.
 C = Kills by friends in this place as a percentage of kills by friends in the entire game.
 D = Other kills in this place as a percentage of other kills in the entire game.
 E = Experience gained in this place as a percentage of experience gained in the entire game.
 F = Experience gained in this place divided by the number of levels of this place that you have seen.
                   A       B       C       D       E      F
               +-------+-------+-------+-------+-------+----------------------
         Total | 100.0 | 100.0 |   N/A |   N/A | 100.0 |  31.5
       Dungeon | 100.0 | 100.0 |   N/A |   N/A | 100.0 |  31.5
               +-------+-------+-------+-------+-------+----------------------

Skill      XL: |  1  2 |
---------------+-------+-----
Conjurations   | 2 |  2.6
Fire Magic     | 4 |  4.2
Dodging        | |  2.4
Stealth        | |  2.4
Spellcasting   | |  3.0

Action                   || total
-------------------------++-------
 Cast: Foxfire           ||    86
  Eat: Ration            ||     1
Armor: Robe              ||     8
Dodge: Dodged            ||    28

Vanquished Creatures
  2 dart slugs (D:1)
  A giant cockroach (D:1)
  6 goblins
  5 hobgoblins
  2 jackals (D:1)
  A quokka (D:2)
  A ball python (D:1)
  6 bats
  4 frilled lizards (D:1)
  5 kobolds
  6 rats
39 creatures vanquished.

Vanquished Creatures (others)
  127 foxfires
127 creatures vanquished.

Grand Total: 166 creatures vanquished
